 Dungeon Crawl Stone Soup version 0.17-a0-931-g11a8995 (webtiles) character file.

408 FrankMcFuzz the Poker (level 6, -8/56 HPs)
             Began as a Naga Gladiator on May 5, 2015.
             Was an Initiate of Ashenzari.
             Mangled by an ogre
             ... wielding a +0 giant spiked club
              (20 damage)
             ... on level 4 of the Dungeon.
             The game lasted 00:16:20 (2848 turns).

FrankMcFuzz the Poker (Naga Gladiator)              Turns: 2848, Time: 00:16:20

Health: -8/56      AC:  9    Str: 18    XL:     6   Next: 88%
Magic:  6/6        EV:  6    Int:  8    God:    Ashenzari [......]
Gold:   81         SH:  0    Dex: 13    Spells: 0 memorised, 5 levels left

rFire  . . .     SeeInvis +     v - +0 mace (curse)
rCold  . . .     Clarity  .     i - +0 chain mail
rNeg   . . .     SustAb   .     (no shield)
rPois  +         Gourm    .     g - +1 helmet
rElec  .         Spirit   .     (no cloak)
rCorr  .         Warding  .     (no gloves)
rMut   .         Stasis   .     (no barding)
MR     .....                    (no amulet)
Stlth  ..........               (no ring)
                                (no ring)

@: drained, very slow, not resistant to hostile enchantments, extremely
unstealthy
A: see invisible, deformed body, poison resistance, slowness 2, slow metabolism
1, spit poison 2, AC +2
a: Spit Poison, Renounce Religion


You were on level 4 of the Dungeon.
You worshipped Ashenzari.
Ashenzari was noncommittal.
You were very hungry.

You visited 1 branch of the dungeon, and saw 4 of its levels.

You collected 81 gold pieces.

Inventory:

Hand weapons
 a - a +0 trident
 v - a cursed +0 mace (weapon)
Missiles
 d - 3 throwing nets (quivered)
Armour
 b - a +0 leather armour
 c - a +0 helmet
 g - a +1 helmet (worn)
 h - a +0 ring mail
 i - a +0 chain mail (worn)
Scrolls
 j - a scroll of teleportation
 n - 7 scrolls of identify
 p - a scroll of fog
 q - 2 scrolls of remove curse
Potions
 f - a potion of might
 l - a potion of flight
Books
 e - a book of the Warp

   Spells                             Type                      Level
   a - Recall                         Summoning/Translocation      3
   b - Gell's Gravitas                Hexes/Translocation          3
   c - Control Teleport               Charms/Translocation         4
   d - Force Lance                    Conjuration/Translocation    4
   e - Phase Shift                    Translocation                5
   f - Warp Weapon                    Charms/Translocation         5
   g - Summon Forest                  Summoning/Translocation      5
 s - a book of Party Tricks

   Spells                             Type                      Level
   a - Summon Butterflies             Summoning                    1
   b - Apportation                    Translocation                1
   c - Tukima's Dance                 Hexes                        3
   d - Alistair's Intoxication        Transmutation/Poison         4
   e - Invisibility                   Hexes                        6
Comestibles
 k - 3 meat rations
 t - a bread ration


   Skills:
 + Level 3.3(3.2) Fighting
 + Level 0.8(0.7) Maces & Flails
 + Level 4.0(3.9) Polearms
 + Level 1.9(1.8) Throwing
 + Level 2.8(2.7) Armour
 + Level 4.0(3.9) Dodging
 + Level 0.4(0.3) Stealth


You had 5 spell levels left.
You didn't know any spells.

Dungeon Overview and Level Annotations

Branches:
Dungeon (4/15)
 Temple: D:4-7

Altars:
Ashenzari
The Shining One


Innate Abilities, Weirdness & Mutations

You cannot wear boots.
Your serpentine skin is tough (AC +2).
You have supernaturally acute eyesight.
Armour fits poorly on your strangely shaped body.
Your system is resistant to poisons.
You cover ground very slowly.
You have a slow metabolism.
You can spit poison.


Message History

There is a glowing golden altar of the Shining One here.
An ogre comes into view. It is wielding a giant spiked club.
The ogre shouts!
Found a stone staircase leading up.
The ogre hits you with a giant spiked club!
You closely miss the ogre. The ogre barely misses you.
You hit the ogre.
The ogre is moderately wounded.
The ogre barely misses you.
You hit the ogre.
The ogre is moderately wounded.
The ogre hits you with a giant spiked club!!
* * * LOW HITPOINT WARNING * * *
You hit the ogre.
The ogre is heavily wounded.
The ogre barely misses you.
You hit the ogre but do no damage.
The ogre is heavily wounded.
The ogre hits you with a giant spiked club!!
You die...

....... ... ..#....
....... ###### #.......
### ### #.......#
..###.### #.......#
........#### #.......##
...........####........+
....##........#O......#
.8#####.#.....#.@.....#
### ####......####### .#
##.....# .# ###..## .#
#.... ## ###...# ...#
...# ...#


You could see an ogre.

Vanquished Creatures
  4 wights (D:4)
  2 orc priests (D:4)
  A hound (D:4)
  An orc wizard (D:4)
  7 adders
  2 oozes (D:2)
  3 worms
  2 giant geckos (D:1)
  An orc (D:4)
  3 giant cockroaches
  10 hobgoblins
  4 jackals (D:1)
  2 kobolds
  4 quokkas
  8 bats
  A giant newt (D:1)
  10 goblins
  9 rats
  A fungus (D:1)
75 creatures vanquished.

Notes
Turn   | Place    | Note
--------------------------------------------------------------
     0 | D:1      | FrankMcFuzz, the Naga Gladiator, began the quest for the Orb.
     0 | D:1      | Reached XP level 1. HP: 19/19 MP: 1/1
   110 | D:1      | Reached XP level 2. HP: 21/26 MP: 2/2
   731 | D:2      | Reached XP level 3. HP: 23/32 MP: 3/3
   926 | D:2      | Reached skill level 1 in Armour
  1197 | D:2      | Reached XP level 4. HP: 26/39 MP: 4/4
  1319 | D:2      | Found a shattered altar of Ashenzari.
  1797 | D:3      | Reached XP level 5. HP: 34/46 MP: 5/5
  2203 | D:2      | Became a worshipper of Ashenzari the Shackled
  2503 | D:4      | HP: 2/46 [orc (2)]
  2528 | D:4      | Reached XP level 6. HP: 24/55 MP: 6/6
  2585 | D:4      | Reached skill level 4 in Polearms
  2813 | D:4      | Found a glowing golden altar of the Shining One.
  2841 | D:4      | Noticed an ogre
  2848 | D:4      | Mangled by an ogre

Action                   |  1- 3 |  4- 6 || total
-------------------------+-------+-------++-------
Melee: Trident           |   134 |    78 ||   212
       Mace              |       |   119 ||   119
 Abil: Spit Poison       |       |     2 ||     2
  Use: Scroll            |     8 |     2 ||    10
       Potion            |     1 |     5 ||     6
  Eat: Bread ration      |       |     1 ||     1
